 Dungeon Crawl Stone Soup version 0.17-a0-1078-g243345b (webtiles) character file.

5220 onwiheg the Spear-Bearer (level 10, -14/70 HPs)
             Began as a Vine Stalker Berserker on May 18, 2015.
             Was a High Priest of Trog.
             Demolished by a dire elephant (16 damage)
             ... on level 9 of the Dungeon.
             The game lasted 00:31:50 (7799 turns).

onwiheg the Spear-Bearer (Vine Stalker Berserker)   Turns: 7799, Time: 00:31:50

Health: -14/70     AC: 10    Str: 27    XL:     10   Next: 61%
Magic:  0/3        EV: 11    Int:  7    God:    Trog [*****.]
Gold:   521        SH:  0    Dex: 15    Spells: 0 memorised, 9 levels left

rFire  + . .     SeeInvis +     V - +2 glaive (antimagic)
rCold  . . .     Clarity  +     S - +1 ring mail {rF+}
rNeg   . . .     SustAb   .     (no shield)
rPois  .         Gourm    .     f - +0 helmet
rElec  .         Spirit   +     q - +0 cloak
rCorr  .         Warding  .     M - +0 pair of gloves
rMut   .         Stasis   .     r - +0 pair of boots
MR     ++...                    y - amulet of clarity
Stlth  ..........               R - ring of protection from magic
                                z - ring of see invisible

@: berserking (expiring), very quick, very resistant to hostile enchantments,
extremely unstealthy
A: fangs 3, regeneration 2, magic shield, antimagic bite, no device heal 3, rot
immunity
a: Burn Spellbooks, Berserk, Trog's Hand, Brothers in Arms, Renounce Religion


You were on level 9 of the Dungeon.
You worshipped Trog.
Trog was extremely pleased with you.
You were very hungry.

You visited 1 branch of the dungeon, and saw 9 of its levels.
You also visited: Sewer.

You collected 521 gold pieces.

Inventory:

Hand weapons
 a - a +0 spear
 n - a +0 trident
 A - a +0 halberd
 B - a +0 halberd
 F - a +0 blowgun
 P - a +0 scythe
 U - a +0 glaive
 V - a +2 antimagic glaive (weapon)
Missiles
 D - 2 silver javelins (quivered)
 E - 41 poisoned needles
Armour
 f - a +0 helmet (worn)
 o - a +0 ring mail
 q - a +0 cloak (worn)
 r - a +0 pair of boots (worn)
 M - a +0 pair of gloves (worn)
 S - a +1 ring mail of fire resistance (worn)
Jewellery
 x - an uncursed amulet of regeneration
 y - an amulet of clarity (around neck)
 z - a ring of see invisible (left hand)
 R - a ring of protection from magic (right hand)
Magical devices
 v - a wand of frost (4)
 L - a wand of polymorph (15)
 O - a wand of hasting (1)
Scrolls
 d - 2 scrolls of recharging {unknown}
 i - 6 scrolls of identify {unknown}
 j - 5 scrolls of remove curse {unknown}
 k - a scroll of fog {unknown}
 l - 2 scrolls of noise {unknown}
 m - 4 scrolls of immolation {unknown}
 p - 6 scrolls of teleportation {unknown}
 t - a scroll of enchant weapon {unknown}
 H - 2 scrolls of amnesia {unknown}
 I - a scroll of fear {unknown}
 J - a scroll of silence {unknown}
 Q - 3 scrolls of random uselessness {unknown}
Potions
 b - 2 potions of heal wounds {unknown}
 e - 3 potions of cancellation {unknown}
 g - 4 potions of curing {unknown}
 u - 5 potions of magic {unknown}
 C - 2 potions of invisibility {unknown}
 G - 5 potions of haste {unknown}
 N - 2 potions of flight {unknown}
 T - a potion of might {unknown}
Comestibles
 c - 7 bread rations
 h - 13 fruits
 s - 3 beef jerkies
 w - a meat ration
 K - 8 slices of pizza


   Skills:
 - Level 2.6 Fighting
 + Level 13.8 Polearms
 - Level 1.5 Armour
 - Level 1.5 Dodging


You had 9 spell levels left.
You didn't know any spells.

Dungeon Overview and Level Annotations

Branches:
Dungeon (9/15)             Temple (0/1) D:6
   Lair: D:8-11         Orc: D:9-12

Altars:
Cheibriados
Elyvilon
Gozag
Kikubaaqudgha
Qazlal
Sif Muna
Trog
The Shining One

Annotations:
D:2 items behind fire


Innate Abilities, Weirdness & Mutations

You have razor-sharp teeth.
You heal very quickly.
When hurt, damage is shared between your health and your magic reserves.
Your bite disrupts and absorbs the magic of your enemies.
Potions and wands cannot restore your health.
You are immune to rotting.


Message History

* * * LOW HITPOINT WARNING * * *
You stumble backwards!
You hit the dire elephant.
The dire elephant is heavily wounded.
Your ring mail prevents you from hitting the dire elephant.
The dire elephant is heavily wounded.
The dire elephant tramples you.
* * * LOW HITPOINT WARNING * * *
You stumble backwards!
You slice the dire elephant!!
You bite the dire elephant, but do no damage.
The dire elephant is severely wounded.
The dire elephant tramples you but does no damage.
The dire elephant trunk-slaps you.
* * * LOW HITPOINT WARNING * * *
You barely miss the dire elephant. You bite the dire elephant.
You drain its power.
You feel invigorated.
The dire elephant is severely wounded.
The big kobold closely misses you. The dire elephant tramples you!!
You die...

#........#.... #........'....
#........#.... #........#....
#........#.))) #........###'#
###########... ###########...'...
#@Y..('%.##...#...
.#.K...#.)##...#...
..##'''###+####'#... #
..#.....P≈.##....##'
.####+####+##..#.....≈≈P##....+..
.......#.......#..P..P≈≈##....#..
.......+.......#......≈P##....#..
###....#.......#.≈.≈)≈PP##....#..
.##....#.....######)###########..


You could see a dire elephant and a big kobold.

Vanquished Creatures
  Sigmund (D:6)
  8 yaks (D:9)
  A deep elf mage (D:9)
  A hungry ghost (D:4)
  Menkaure (D:6)
  2 hippogriffs
  2 water moccasins
  2 ogres
  An ice beast (D:3)
  4 orc warriors
  A black bear (D:7)
  2 phantoms
  A sky beast (D:5)
  A centaur (D:8)
  A necrophage (D:9)
  2 giant frogs
  5 big kobolds (D:9)
  A scorpion (D:9)
  4 wights (D:8)
  3 crimson imps (D:5)
  An electric eel (D:9)
  An iguana (D:4)
  2 orc priests
  A centaur zombie (D:4)
  A gnoll shaman (D:4)
  7 hounds
  A giant frog skeleton (D:6)
  2 orc wizards
  Terence (D:2)
  2 centaur skeletons
  Natasha (thrice) (D:3)
  3 worker ants
  2 sheep (D:9)
  A hound skeleton (D:8)
  A worker ant zombie (D:9)
  11 adders
  8 gnolls
  An ooze (D:1)
  A worm (D:3)
  33 orcs
  13 bats
  2 bat skeletons
  A bat zombie (D:6)
  9 giant cockroaches
  11 goblins
  11 hobgoblins
  14 jackals
  5 quokkas
  2 ball pythons
  8 giant geckos
  10 giant newts
  35 kobolds
  A quokka skeleton (D:5)
  10 rats
  8 plants (Sewer)
267 creatures vanquished.

Notes
Turn   | Place    | Note
--------------------------------------------------------------
     0 | D:1      | onwiheg the Vine Stalker Berserker began the quest for the Orb.
     0 | D:1      | Reached XP level 1. HP: 11/11 MP: 2/2
    61 | D:1      | Reached skill level 3 in Polearms
   141 | D:1      | Reached XP level 2. HP: 16/16 MP: 3/3
   490 | D:1      | Acquired Trog's second power
   550 | D:1      | Reached XP level 3. HP: 8/19 MP: 2/4
   826 | D:2      | Noticed Terence
   835 | D:2      | Killed Terence
   835 | D:2      | Reached skill level 4 in Polearms
   835 | D:2      | Reached XP level 4. HP: 23/23 MP: 5/5
  1394 | D:2      | Found a snail-covered altar of Cheibriados.
  1714 | D:3      | Noticed an ice beast
  1728 | D:3      | Killed an ice beast
  1728 | D:3      | Reached skill level 5 in Polearms
  1728 | D:3      | Reached XP level 5. HP: 12/27 MP: 6/6
  1808 | D:3      | Noticed Natasha
  1813 | D:3      | Killed Natasha
  1813 | D:3      | Gained mutation: You heal very quickly. [Vine Stalker growth]
  1813 | D:3      | Reached XP level 6. HP: 26/32 MP: 5/7
  1893 | D:3      | Reached skill level 6 in Polearms
  2028 | D:3      | Noticed Natasha
  2035 | D:3      | Killed Natasha
  2178 | D:3      | Noticed Natasha
  2184 | D:3      | Killed Natasha
  2270 | D:4      | Noticed a hungry ghost
  2298 | D:4      | Killed a hungry ghost
  2298 | D:4      | Reached skill level 7 in Polearms
  2298 | D:4      | Reached XP level 7. HP: 35/35 MP: 8/8
  2827 | D:4      | Reached skill level 8 in Polearms
  2875 | D:5      | Entered Level 5 of the Dungeon
  2968 | D:5      | You fall through a shaft!
  2986 | D:5      | Received a gift from Trog
  2986 | D:5      | Gained mutation: You have razor-sharp teeth. [Vine Stalker growth]
  2986 | D:5      | Reached XP level 8. HP: 25/39 MP: 7/9
  3025 | D:5      | Acquired Trog's third power
  3120 | D:5      | Found a glowing drain.
  3147 | Sewer    | Entered a sewer
  3266 | Sewer    | Reached skill level 9 in Polearms
  4527 | D:6      | Found a staircase to the Ecumenical Temple.
  4533 | D:6      | Noticed Menkaure
  4538 | D:6      | Killed Menkaure
  4538 | D:6      | Reached skill level 10 in Polearms
  4568 | D:6      | Noticed Sigmund
  4592 | D:6      | Killed Sigmund
  4636 | D:6      | Found an opulent altar of Gozag.
  4756 | D:6      | Reached XP level 9. HP: 5/43 MP: 1/10
  5625 | D:7      | Found a deep blue altar of Sif Muna.
  5737 | D:7      | Reached skill level 11 in Polearms
  6668 | D:8      | Reached skill level 12 in Polearms
  6993 | D:9      | Found a white marble altar of Elyvilon.
  7001 | D:9      | Reached XP level 10. HP: 22/47 MP: 3/11
  7066 | D:9      | Reached skill level 13 in Polearms
  7106 | D:9      | Received a gift from Trog
  7304 | D:9      | Found an ancient bone altar of Kikubaaqudgha.
  7368 | D:9      | Found a stormy altar of Qazlal.
  7505 | D:9      | HP: 2/70 [orc warrior/short sword of speed (11)]
  7646 | D:9      | Found a glowing golden altar of the Shining One.
  7646 | D:9      | Found a bloodstained altar of Trog.
  7790 | D:9      | Noticed a three-headed hydra
  7792 | D:9      | Noticed a dire elephant
  7792 | D:9      | a three-headed hydra changed into a dire elephant
  7798 | D:9      | HP: 2/70 [dire elephant (4)]
  7799 | D:9      | Demolished by a dire elephant

Vault maps used:
D:1:      matt_arrival_spirals, hangedman_decor_growths
D:2:      cheibriados_altar_1, lemuel_flame_loot_1, uniq_terence
D:3:      first_bread, uniq_natasha
D:5:      portal_sewer_entry_f, kennysheep_dice
D:6:      grunt_gozag_statues, minmay_temple_entry_statues_fountains,
          uniq_sigmund, uniq_menkaure
D:7:      overflow_temple_1_default
D:9:      lemuel_round_altar, nicolae_overflow_crystal_walls,
          gammafunk_temple_overflow_elements, basic_altar, hangedman_ranch,
          wad_floor_pattern_untrapped, serial_bayou_lagoon_a,
          grunt_decor_resistance
Sewer:    sewer_co_scattered_pipes

Action                   |  1- 3 |  4- 6 |  7- 9 | 10-12 || total
-------------------------+-------+-------+-------+-------++-------
Melee: Spear             |    82 |     2 |       |       ||    84
       Trident           |       |   139 |    42 |       ||   181
       Halberd           |       |       |   441 |       ||   441
       Glaive            |       |       |    81 |   128 ||   209
Invok: Berserk           |     1 |     1 |     7 |     2 ||    11
Evoke: Wand              |       |       |       |     2 ||     2
  Eat: Chunk             |       |     6 |    24 |     4 ||    34
